 Dungeon Crawl Stone Soup version 0.28.0-45-g0d030f2227 (webtiles) character file.

Game seed: 15638748800029138145

1208 Icepheonix32 the Shield-Bearer (level 8, -3/61 HPs)
             Began as a Demonspawn Fighter on Apr 6, 2022.
             Was an Initiate of Qazlal.
             Slain by an orc warrior
             ... wielding a +0 halberd
              (24 damage)
             ... on level 6 of the Dungeon.
             The game lasted 00:10:26 (6042 turns).

Icepheonix32 the Shield-Bearer (Demonspawn Fighter) Turns: 6042, Time: 00:10:27

Health: -3/61      AC:  6    Str: 17    XL:     8   Next: 21%
Magic:  8/8        EV: 12    Int: 10    God:    Qazlal [......]
Gold:   375        SH:  9    Dex: 14    Spells: 7/7 levels left

rFire   . . .      SeeInvis .   a - +1 long sword
rCold   . . .      Faith    .   v - +0 kite shield
rNeg    . . .      Spirit   .   t - +0 ring mail
rPois   +          Reflect  .   (helmet restricted)
rElec   .          Harm     .   (no cloak)
rCorr   +          Rampage  .   (no gloves)
Will    .....                   (no boots)
Stlth   +.........              (no amulet)
HPRegen 0.20/turn               g - ring of poison resistance
MPRegen 0.22/turn               m - ring of resist corrosion

@: no status effects
A: horns 1, repulsion field 1, foul stench 3, magic regeneration
a: Renounce Religion


You were on level 6 of the Dungeon.
You worshipped Qazlal.
Qazlal was noncommittal.
You visited 1 branch of the dungeon, and saw 6 of its levels.
You also visited: Sewer.

You collected 375 gold pieces.

Inventory:

Hand Weapons
 a - a +1 long sword (weapon)
 n - a +1 vorpal flail
 u - a +0 dagger of electrocution
Missiles
 f - 3 throwing nets (quivered)
 x - 2 curare-tipped darts
 y - 11 poisoned darts
Armour
 b - a +0 scale mail
 c - a +0 buckler
 t - a +0 ring mail (worn)
 v - a +0 kite shield (worn)
Magical Staves
 e - a staff of poison
Jewellery
 g - a ring of poison resistance (left hand)
 i - a ring of fire
 m - a ring of resist corrosion (right hand)
 D - a ring of positive energy
Scrolls
 h - a scroll of magic mapping {unknown}
 j - 3 scrolls of blinking
 o - 4 scrolls of noise {unknown}
 p - a scroll of acquirement {unknown}
 q - 3 scrolls of identify {unknown}
 r - a scroll of fear
 s - 4 scrolls of teleportation
 w - 3 scrolls of brand weapon {unknown}
 C - a scroll of immolation {unknown}
 F - a scroll of enchant weapon
Potions
 d - 2 potions of might
 k - a potion of berserk rage
 l - a potion of attraction {unknown}
 z - a potion of mutation {unknown}
 A - a potion of lignification {unknown}
 B - a potion of brilliance {unknown}
 E - a potion of curing {unknown}


   Skills:
 + Level 4.6 Fighting
 - Level 4.3 Long Blades
 + Level 5.1 Armour
 + Level 3.1 Dodging
 + Level 1.1 Stealth
 * Level 5.3 Shields


You had 7 spell levels left.
You didn't know any spells.
Your spell library contained the following spells:

 Spells                   Type           Power      Damage    Failure   Level
 Beastly Appendage        Tmut           0%         N/A       88%         1
 Scorch                   Fire           0%         2d5       95%         2
 Wereblood                Tmut           0%         N/A       95%         2
 Ozocubu's Armour         Ice            0%         N/A       99%         3
 Spider Form              Tmut/Pois      0%         N/A       99%         3
 Flame Wave               Conj/Fire      0%         2d4       100%        4
 Summon Cactus Giant      Summ           0%         N/A       100%        6
 Ozocubu's Refrigeration  Ice            0%         4d5       100%        7


Dungeon Overview and Level Annotations

Branches:
Dungeon (6/15)              Sewer (visited)
 Temple: D:4-7

Altars:
Dithmenos
Kikubaaqudgha
Makhleb
Nemelex Xobeh
Qazlal
Sif Muna
Wu Jian

Shops:
D:5 =   D:6 =

Annotations:
D:3 1 runed translucent door


Innate Abilities, Weirdness & Mutations

You have a pair of small horns on your head.
You are surrounded by a mild repulsion field. (EV +2)
You frequently emit foul miasma when damaged in melee.
You regenerate magic rapidly.


Message History

You barely miss the iguana.
The iguana is lightly wounded.
The centaur is engulfed in dark miasma.
The centaur is poisoned.
The centaur seems to slow down.
The centaur drinks a potion.
The centaur shakes off its lethargy.
The centaur goes berserk!
Something hits you but does no damage.
The centaur is engulfed in dark miasma.
The centaur looks even sicker.
The centaur completely misses you.
The centaur kicks you but does no damage.
You block the iguana's attack.
The centaur is engulfed in dark miasma.
The centaur looks even sicker.
The centaur hits you. The centaur closely misses you.
The centaur barely misses you. The centaur closely misses you.
The centaur barely misses you. You block the centaur's attack.
You block the centaur's attack. The centaur closely misses you.
You block the centaur's attack. x3
The centaur kicks you but does no damage.
The centaur rages.
The centaur barely misses you. You block the centaur's attack.
The centaur hits you. You block the centaur's attack.
You see here a +0 dagger.
You hit the centaur.
The centaur is heavily wounded.
The centaur closely misses you.
The centaur kicks you but does no damage.
The centaur hits you.
You emit a cloud of foul miasma!
You block the centaur's attack.
The centaur is engulfed in dark miasma.
The centaur looks even sicker.
The centaur closely misses you. x2
You block the orc warrior's attack.
The centaur is engulfed in dark miasma.
The centaur looks as sick as possible!
The centaur barely misses you. x2
The orc warrior hits you from afar with a +0 halberd!
You are too injured to fight recklessly!
Unknown command.
You hit the centaur. You headbutt the centaur.
The centaur is heavily wounded.
The centaur is engulfed in dark miasma.
The centaur looks as sick as possible!
You block the centaur's attack. x2; The centaur is engulfed in dark miasma.
The centaur looks as sick as possible!
The centaur hits you.
The centaur kicks you but does no damage.
The orc warrior hits you from afar with a +0 halberd!!
You die...

#..............#.<
#................
###.......##.......
#...........o.....
###.....Zl.....#
##......l.#.....# ##
#....###o#####.......
.#######.......c#### #......
.##....#....##.#@#.## ......
..........[.#..#....## ..#..
....###.....##.......##### ....#
.##.####...###.......... ..#...##
###..##...#####..######.##.#.....
..##.##..##.##....#.....). ..#..
..##...................... #...#
..#..##.##............... #...#
.....### ####............ #...##


You could see an orc warrior, a centaur (berserk, extremely poisoned) and an
iguana.

Vanquished Creatures
  A sky beast (D:5)
  2 black bears
  An ice beast (D:4)
  3 ogres
  2 bullfrogs (Sewer)
  3 hounds
  An orc priest (D:4)
  A bullfrog skeleton (D:5)
  2 iguanas (D:5)
  An orc wizard (D:4)
  14 adders
  An ufetubus (D:6)
  A worm (D:5)
  2 dart slugs (D:2)
  10 orcs
  14 ball pythons
  12 endoplasms
  9 giant cockroaches
  3 goblins
  8 hobgoblins
  3 jackals (D:4)
  4 kobolds
  9 quokkas (Sewer)
  7 bats
  10 frilled lizards
  2 rats (D:1)
126 creatures vanquished.

Vanquished Creatures (others)
  A fungus (D:3)
1 creature vanquished.

Grand Total: 127 creatures vanquished

Notes
Turn   | Place    | Note
-------+----------+-------------------------------------------
     0 | D:1      | Icepheonix32 the Demonspawn Fighter began the quest for the
                  | Orb.
     0 | D:1      | Reached XP level 1. HP: 18/18 MP: 1/1
    79 | D:1      | Gained mutation: You are surrounded by a mild repulsion
                  | field. (EV +2) [demonic ancestry]
    79 | D:1      | Reached XP level 2. HP: 22/24 MP: 2/2
   568 | D:1      | Gained mutation: You may rarely emit foul miasma when
                  | damaged in melee. [demonic ancestry]
   568 | D:1      | Reached XP level 3. HP: 29/29 MP: 3/3
   674 | D:1      | Found a faded altar of an unknown god.
   742 | D:1      | Reached skill level 1 in Dodging
  1870 | D:3      | Found a runed translucent door.
  1933 | D:3      | Found a glowing drain.
  1941 | D:3      | Gained mutation: You sometimes emit foul miasma when
                  | damaged in melee. [demonic ancestry]
  1941 | D:3      | Reached XP level 4. HP: 35/35 MP: 4/4
  1950 | Sewer    | Entered a sewer
  2300 | Sewer    | Reached XP level 5. HP: 29/41 MP: 5/5
  2323 | Sewer    | Gained mutation: You have a pair of small horns on your
                  | head. [demonic ancestry]
  2323 | Sewer    | Reached XP level 6. HP: 17/47 MP: 6/6
  3351 | D:4      | Found an ancient bone altar of Kikubaaqudgha.
  3949 | D:4      | Found a shimmering blue altar of Sif Muna.
  4020 | D:5      | Entered Level 5 of the Dungeon
  4020 | D:5      | Found a stormy altar of Qazlal.
  4082 | D:5      | Became a worshipper of Qazlal Stormbringer
  4167 | D:5      | Found Xoijink's Jewellery Shop.
  4176 | D:5      | Noticed an ice beast
  4188 | D:4      | Killed an ice beast
  4305 | D:5      | Gained mutation: You regenerate magic rapidly. [demonic
                  | ancestry]
  4305 | D:5      | Reached XP level 7. HP: 25/54 MP: 7/7
  5684 | D:6      | Found Heuser's One-of-a-Kind Rings.
  5751 | D:6      | Gained mutation: You frequently emit foul miasma when
                  | damaged in melee. [demonic ancestry]
  5751 | D:6      | Reached XP level 8. HP: 60/61 MP: 8/8
  5785 | D:6      | Reached skill level 5 in Shields
  5873 | D:6      | Reached skill level 5 in Armour
  5873 | D:6      | Reached skill level 1 in Stealth
  5961 | D:6      | Found a burning altar of Makhleb.
  5963 | D:6      | Found a shadowy altar of Dithmenos.
  5965 | D:6      | Found a sparkling altar of Nemelex Xobeh.
  5978 | D:6      | Found an ornate altar of the Wu Jian Council.
  6042 | D:6      | Slain by an orc warrior

Illustrated notes

Levels and vault maps discovered:
D:1:      lightli_iron_boxes, layout_basic,
          hellmonk_ecumenical_altar_inner_sanctum
D:2:      layout_loops_cross, minmay_shallow_snake_nest
D:3:      layout_loops_ring, portal_sewer_entry_d,
          nicolae_concentric_dashed_squares_wild, uniq_crazy_yiuf_cottage
D:4:      layout_cave_pods, kennysheep_orc_sif_temple,
          mainiacjoe_overflow_brackets
D:5:      layout_loops_ring, mainiacjoe_overflow_chevrons, serial_shops, shop
D:6:      layout_cave_pools, nicolae_overflow_quartered_altars,
          minmay_temple_entry_glassed_door, nicolae_shop_unique_rings,
          minmay_misc_feat_diagonals

Skill      XL: |  1  2  3  4  5  6  7  8 |
---------------+-------------------------+-----
Armour         | 3 4 5 |  5.1
Long Blades    | 2 3 4 |  4.3
Dodging        | 1 2 3 |  3.1
Shields        | 3 4 5 |  5.3
Fighting       | 4 |  4.6
Stealth        | 1 |  1.1

Action                   |  1- 3 |  4- 6 |  7- 9 || total
-------------------------+-------+-------+-------++-------
Melee: Long sword        |   119 |   191 |    78 ||   388
       Headbutt          |       |    13 |    20 ||    33
  Use: Scroll            |     4 |       |       ||     4
Armor: Scale mail        |    65 |    64 |       ||   129
       Ring mail         |       |    17 |    33 ||    50
Dodge: Dodged            |    72 |   155 |    57 ||   284
Block: Buckler           |    38 |    37 |       ||    75
       Kite shield       |       |    51 |    59 ||   110
